 Dungeon Crawl Stone Soup version 0.23.2-33-g5129a83184 (webtiles) character file.

Game seed: 598469408572555006

17272 Revguard the Ogre Mage (level 12, -5/183 (186) HPs)
             Began as an Ogre Earth Elementalist on July 11, 2019.
             Was a Priest of Sif Muna.
             Shot with an arrow by a centaur (7 damage)
             ... on level 12 of the Dungeon.
             The game lasted 01:10:12 (10943 turns).

Revguard the Ogre Mage (Ogre Earth Elementalist)   Turns: 10943, Time: 01:10:13

HP:   -5/183 (186)  AC: 12    Str: 22    XL:     12   Next: 46%
MP:   11/25         EV: 12    Int: 21    God:    Sif Muna [***...]
Gold: 1048          SH:  0    Dex: 12    Spells: 4/30 levels left

rFire    x . .     SeeInvis .   A - +8 demon trident "Rift" {distort, reach+}
rCold    + . .     Gourm    .   (no shield)
rNeg     . . .     Faith    .   F - +0 steam dragon scales
rPois    .         Spirit   .   (helmet restricted)
rElec    .         Reflect  .   e - scarf {cloud immunity}
rCorr    .         Harm     .   (gloves unavailable)
MR       +....     Clarity  +   (boots unavailable)
Stlth    ..........             r - amulet of regeneration
HPRegen  1.20/turn              g - +6 ring of protection
MPRegen  0.19/turn              D - ring of Hiwk {Ice Int+4}

@: berserking, slightly contaminated, divine energy, very quick
A: large, unfitting armour, clarity, regeneration 1, strong 1, tough skin 1
a: Stop Divine Energy, Channel Magic, Renounce Religion


You were on level 12 of the Dungeon.
You worshipped Sif Muna.
Sif Muna was most pleased with you.
You were not hungry.

You visited 2 branches of the dungeon, and saw 13 of its levels.
You also visited: Sewer.

You collected 1048 gold pieces.

Inventory:

Hand Weapons
 A - the +8 demon trident "Rift" (weapon) {distort, reach+}
   (You found it on level 5 of the Dungeon)

   It warps and distorts space around it.
   Unwielding it can cause banishment or high damage.
Missiles
 m - 239 stones (quivered)
Armour
 e - a scarf of cloud immunity (worn)
 F - +0 steam dragon scales (worn)
 L - a +2 robe of cold resistance
Jewellery
 f - a cursed amulet of inaccuracy {unknown}
 g - a +6 ring of protection (left hand)
 j - an uncursed ring of fire
 o - an uncursed ring of protection from cold
 r - an amulet of regeneration (around neck)
 t - an uncursed ring of ice
 y - an uncursed amulet of magic regeneration {unknown}
 B - an uncursed ring of positive energy
 D - the ring of Hiwk (right hand) {Ice Int+4}
   (You found it on level 10 of the Dungeon)

   [ring of ice]

   It enhances your ice magic.
   It affects your intelligence (+4).
   It makes you vulnerable to fire.
   It protects you from cold.
Wands
 h - a wand of iceblast (7)
 n - a wand of digging (14)
 G - a wand of disintegration (9)
 K - a wand of enslavement (9)
Scrolls
 a - a scroll of immolation
 c - 2 scrolls of magic mapping
 i - 5 scrolls of remove curse
 l - 6 scrolls of teleportation
 p - 2 scrolls of fog
 v - 4 scrolls of enchant weapon
Potions
 b - a potion of agility
 k - 5 potions of ambrosia
 s - 5 potions of curing
 u - 5 potions of flight
 x - 2 potions of berserk rage
 z - 6 potions of might
Miscellaneous
 w - a fan of gales
 H - a lightning rod (4/4)
Comestibles
 d - 30 rations
 q - 4 chunks of flesh


   Skills:
 * Level 9.5 Fighting
   Level 3.4 Maces & Flails
 + Level 9.1 Polearms
 + Level 5.2 Dodging
 - Level 1.4 Stealth
 + Level 9.7 Spellcasting
 + Level 2.1 Conjurations
 + Level 4.8 Transmutations
 * Level 3.1 Air Magic
 + Level 8.0 Earth Magic
 * Level 6.6 Invocations


You had 4 spell levels left.
You knew the following spells:

 Your Spells              Type           Power        Failure   Level  Hunger
a - Sandblast             Erth           #####.       1%          1    None
b - Stone Arrow           Conj/Erth      ####..       2%          3    None
c - Petrify               Tmut/Erth      #####...     4%          4    ##.....
d - Lee's Rapid Deconstr  Erth           #####.....   7%          5    ####...
e - Passwall              Tmut/Erth      #####...     1%          2    None
f - Irradiate             Conj/Tmut      ###.......   41%         5    ####...
g - Conjure Ball Lightni  Conj/Air       ###.......   98%         6    ######.

Your spell library contained the following spells:

 Spells                   Type           Power        Failure   Level  Hunger
 Magic Dart               Conj           ###.         2%          1    None
 Throw Frost              Conj/Ice       ###...       6%          2    None
 Corona                   Hex            ##.....      7%          1    None
 Summon Small Mammal      Summ           ##..         7%          1    None
 Blink                    Tloc           N/A          10%         2    None
 Call Imp                 Summ           ##......     10%         2    None
 Ensorcelled Hibernation  Hex/Ice        ###...       10%         2    None
 Slow                     Hex            ##......     10%         2    None
 Mephitic Cloud           Conj/Pois/Air  ###.....     10%         3    None
 Conjure Flame            Conj/Fire      ##......     13%         3    None
 Dazzling Spray           Conj/Hex       ##....       13%         3    None
 Call Canine Familiar     Summ           ##......     21%         3    None
 Confuse                  Hex            ##......     21%         3    None
 Summon Guardian Golem    Hex/Summ       ##......     21%         3    None
 Tukima's Dance           Hex            ##......     21%         3    None
 Summon Lightning Spire   Summ/Air       ###.....     34%         4    ##.....
 Summon Ice Beast         Ice/Summ       ###.....     54%         4    ##.....
 Freezing Cloud           Conj/Ice/Air   ####......   99%         6    ######.


Dungeon Overview and Level Annotations

Branches:
Dungeon (12/15)            Temple (1/1) D:7            Lair (0/6) D:10
    Orc (0/2) D:11

Altars:
Ashenzari
Cheibriados
Dithmenos
Elyvilon
Fedhas
Gozag
Hepliaklqana
Kikubaaqudgha
Makhleb
Nemelex Xobeh
Okawaru
Qazlal
Ru
Sif Muna
Trog
Uskayaw
Vehumet
Wu Jian
Xom
Yredelemnul
Zin
The Shining One

Shops:
D:7 :   D:9 :

Annotations:
Abyss:1 Harold


Innate Abilities, Weirdness & Mutations

You are too large for most types of armour.
You have tough skin. (AC +1)
You possess an exceptional clarity of mind.
Your natural rate of healing is unusually fast.
Your muscles are strong. (Str +2)


Message History

Something hits you but does no damage. The centaur misses you.
The centaur hits you.
* * * LOW HITPOINT WARNING * * *
You are too berserk!
You barely miss the centaur.
The centaur is almost dead.
Something hits you but does no damage.
The centaur hits you but does no damage.
The centaur shoots an arrow.
The arrow closely misses you.
The arrow hits the centaur!
The centaur dies!
The orc wizard mumbles some strange words.
The orc wizard blinks!
The orc warrior hits you with a cursed +0 flail!
* * * LOW HITPOINT WARNING * * *
The centaur hits you but does no damage.
Something hits you but does no damage.
The centaur wields a +0 shortbow.
The centaur shoots an arrow.
The arrow closely misses you.
The centaur shoots an arrow.
The arrow hits you!
You die...

#.........#
#..o......# ..#
#.........# #..#
#.%....ยง..#
#..###
#>......(.# #....
#......o.(# #..#
#.....coo.####..#
#....oc(@.((.[..#
#..o..a)(.###...#
........(.# #...#
.......c..# #...#
##........# #..)#
#........# #...#
#........# #...#
#........# #...#
#.<.#


You could see an orc warrior, 3 centaurs, a worker ant, an orc wizard and 4
orcs.

Vanquished Creatures
  Erica (D:11)
  A two-headed ogre (D:11)
  An unseen horror (D:10)
  A cyclops (D:11)
  4 ugly things
  A manticore (D:10)
  Psyche (D:9)
  The ghost of ikjuyhgtrf the Cleaver, a novice MiFi (D:6)
  A gargoyle (D:11)
  An efreet (D:11)
  A troll (D:10)
  Prince Ribbit (D:8)
  2 hornets
  2 hippogriffs (D:10)
  4 yaks (D:11)
  3 wyverns (D:11)
  A shadow (D:11)
  3 hungry ghosts
  Eustachio (D:5)
  4 hogs (D:7)
  A human (D:7)
  A steam dragon (D:9)
  Edmund (D:5)
  2 water moccasins
  A swamp drake (D:11)
  7 orc warriors
  A necrophage (D:11)
  2 sky beasts
  6 ice beasts
  An eye of draining (D:9)
  6 ogres
  6 centaurs
  3 crocodiles
  4 big kobolds
  8 bullfrogs
  2 wyvern skeletons
  4 killer bees (D:9)
  2 scorpions
  3 crimson imps
  A quasit (D:10)
  3 jellies
  A bullfrog zombie (D:7)
  6 hounds
  8 orc priests
  3 centaur skeletons
  11 orc wizards
  2 iguanas
  6 worker ants
  A howler monkey zombie (D:11)
  A hound skeleton (D:7)
  A worker ant zombie (D:10)
  20 adders
  3 river rats
  4 shadow imps
  An adder zombie (D:8)
  3 worms
  3 dart slugs
  6 leopard geckos
  43 orcs
  A ball python (D:2)
  11 giant cockroaches
  8 goblins
  5 hobgoblins
  6 jackals
  4 quokkas
  8 bats
  8 frilled lizards
  25 kobolds
  A quokka skeleton (D:7)
  8 rats
  A spectral orc (D:5)
309 creatures vanquished.

Vanquished Creatures (others)
  An unseen horror (D:11)
  An ugly thing (D:11)
  A cyclops (D:10)
  A yak (D:11)
  2 water moccasins
  A necrophage (D:9)
  A centaur (D:12)
  An orc wizard (D:6)
  A worker ant (D:9)
10 creatures vanquished.

Grand Total: 319 creatures vanquished

Notes
Turn   | Place    | Note
-------+----------+-------------------------------------------
     0 | D:1      | Revguard the Ogre Earth Elementalist began the quest for
                  | the Orb.
     0 | D:1      | Reached XP level 1. HP: 16/16 MP: 3/3
   119 | D:1      | Reached XP level 2. HP: 26/26 MP: 0/5
   124 | D:1      | Learned a level 2 spell: Passwall
   633 | D:1      | Reached skill level 1 in Fighting
   834 | D:2      | Reached XP level 3. HP: 33/33 MP: 5/7
   895 | D:2      | Found a blossoming altar of Fedhas.
   917 | D:2      | Reached skill level 1 in Transmutations
  1026 | D:2      | Reached XP level 4. HP: 33/41 MP: 4/8
  1278 | D:2      | Learned a level 3 spell: Stone Arrow
  1402 | D:3      | Gained mutation: Your muscles are strong. (Str +2) [potion
                  | of mutation]
  1402 | D:3      | Gained mutation: You possess an exceptional clarity of
                  | mind. [potion of mutation]
  1402 | D:3      | Gained mutation: Your natural rate of healing is unusually
                  | fast. [potion of mutation]
  1614 | D:3      | Found an iron altar of Okawaru.
  1860 | D:3      | Reached XP level 5. HP: 18/49 MP: 5/10
  1866 | D:3      | Reached skill level 1 in Conjurations
  2012 | D:3      | Found a faded altar of an unknown god.
  2080 | D:4      | Reached XP level 6. HP: 59/59 MP: 6/11
  2131 | D:4      | Learned a level 4 spell: Petrify
  2161 | D:4      | Found an opulent altar of Gozag.
  2227 | D:4      | Found a glowing drain.
  2277 | Sewer    | Entered a sewer
  2297 | Sewer    | Reached skill level 1 in Maces & Flails
  2387 | Sewer    | Reached XP level 7. HP: 50/66 MP: 7/12
  2422 | Sewer    | Found a white marble altar of Elyvilon.
  2646 | D:4      | Found a deep blue altar of Sif Muna.
  3179 | D:5      | Entered Level 5 of the Dungeon
  3345 | D:5      | Noticed Eustachio
  3369 | D:5      | Killed Eustachio
  3369 | D:5      | Reached XP level 8. HP: 47/76 MP: 0/14
  3389 | D:5      | Reached skill level 5 in Earth Magic
  3496 | D:5      | Learned a level 5 spell: Lee's Rapid Deconstruction
  3514 | D:5      | Found a basalt altar of Yredelemnul.
  3514 | D:5      | Noticed Edmund
  3532 | D:5      | Killed Edmund
  3565 | D:5      | Found the +8 demon trident "Rift" {distort, reach+}
  3927 | D:5      | Reached skill level 1 in Polearms
  4291 | D:6      | Found a runed translucent door.
  4348 | D:6      | Noticed ikjuyhgtrf's ghost (novice MiFi)
  4419 | D:6      | Killed ikjuyhgtrf's ghost
  4419 | D:6      | Reached skill level 5 in Spellcasting
  4419 | D:6      | Reached XP level 9. HP: 56/85 MP: 3/16
  4521 | D:6      | Reached skill level 5 in Fighting
  4859 | D:7      | Noticed Harold
  4877 | D:7      | Banished Harold
  5105 | D:7      | Found Pavemuy's Book Emporium.
  5187 | D:7      | Found a staircase to the Ecumenical Temple.
  5226 | Temple   | Entered the Ecumenical Temple
  5579 | D:4      | Became a worshipper of Sif Muna the Loreminder
  6413 | D:7      | Reached skill level 5 in Polearms
  6525 | D:7      | Found a shimmering altar of Xom.
  6659 | D:8      | Reached XP level 10. HP: 90/98 MP: 2/20
  6732 | D:8      | Reached skill level 1 in Invocations
  6849 | D:8      | Found a stormy altar of Qazlal.
  6853 | D:8      | Noticed Prince Ribbit
  6864 | D:8      | Killed Prince Ribbit
  6987 | D:8      | Found a white marble altar of Elyvilon.
  7336 | D:9      | Reached * piety under Sif Muna
  7363 | D:9      | Found a hide-covered altar of Uskayaw.
  7687 | D:9      | Noticed Psyche
  7698 | D:9      | Killed Psyche
  7709 | D:9      | Found Ufant's Book Boutique.
  8134 | D:10     | Entered Level 10 of the Dungeon
  8140 | D:10     | Noticed a red ugly thing
  8206 | D:10     | Paralysed by a hornet for 3 turns
  8338 | D:10     | Noticed a manticore
  8350 | D:10     | Noticed a cyclops
  8351 | D:10     | Killed a manticore
  8367 | D:10     | Banished a cyclops
  8367 | D:10     | Reached XP level 11. HP: 103/109 MP: 1/23
  8493 | D:10     | Got a brightly glowing lead ring
  8497 | D:10     | Identified the ring of Hiwk {Ice Int+4} (You found it on
                  | level 10 of the Dungeon)
  8655 | D:10     | Killed an unseen horror
  8782 | D:10     | Found a sacrificial altar of Ru.
  8938 | D:10     | Killed a red ugly thing
  8958 | D:10     | Found the +8 orange crystal plate armour {Archmagi, Int+3
                  | Clar}
  8958 | D:10     | Identified the Handbook of Excruciating Transmigration
  8970 | D:10     | Learned a level 5 spell: Irradiate
  8977 | D:10     | Learned a level 6 spell: Conjure Ball Lightning
  9011 | D:10     | Reached ** piety under Sif Muna
  9089 | D:10     | Found a staircase to the Lair.
  9255 | D:11     | Noticed a brown ugly thing
  9260 | D:11     | Noticed a purple ugly thing
  9264 | D:11     | Noticed a red ugly thing
  9288 | D:11     | Killed a purple ugly thing
  9289 | D:11     | Killed a brown ugly thing
  9289 | D:11     | Reached skill level 1 in Air Magic
  9500 | D:11     | Reached skill level 5 in Invocations
  9563 | D:11     | Found a snail-covered altar of Cheibriados.
  9589 | D:11     | Noticed a cyclops
  9663 | D:11     | Noticed a green ugly thing
  9701 | D:11     | Banished a green ugly thing
  9716 | D:11     | Killed a red ugly thing
  9727 | D:11     | Reached XP level 12. HP: 57/123 MP: 7/25
  9980 | D:11     | Got a dazzling bardiche
  9998 | D:11     | Reached skill level 5 in Dodging
 10015 | D:11     | Identified the cursed +1 bardiche "Engovez" {freeze, rElec
                  | rPois Stlth-} (You found it on level 11 of the Dungeon)
 10196 | D:11     | Reached *** piety under Sif Muna
 10238 | D:11     | Found a staircase to the Orcish Mines.
 10512 | D:11     | Noticed a two-headed ogre
 10529 | D:11     | Killed a two-headed ogre
 10530 | D:11     | Noticed Erica
 10546 | D:11     | Killed Erica
 10942 | D:12     | HP: 1/183 [orc warrior/cursed +0 flail (12)]
 10943 | D:12     | Shot with an arrow by a centaur

Skill      XL: |  1  2  3  4  5  6  7  8  9 10 11 12 |
---------------+-------------------------------------+-----
Earth Magic    | 3 4 5 6 7 8 |  8.0
Fighting       | 1 2 3 4 6 7 9 |  9.5
Transmutations | 1 2 3 4 |  4.8
Spellcasting   | 3 4 5 6 8 9 |  9.7
Dodging        | 2 3 4 5 |  5.2
Conjurations   | 1 2 |  2.1
Maces & Flails | 1 3 |  3.4
Polearms       | 3 5 7 8 9 |  9.1
Invocations    | 3 5 6 |  6.6
Air Magic      | 2 3 |  3.1
Stealth        | |  1.4

Action                   |  1- 3 |  4- 6 |  7- 9 | 10-12 || total
-------------------------+-------+-------+-------+-------++-------
Melee: Club              |    25 |       |       |       ||    25
       Morningstar       |       |   114 |    67 |       ||   181
       Mace              |       |    12 |       |       ||    12
       Demon trident     |       |       |    90 |   369 ||   459
       Dire flail        |       |       |     3 |       ||     3
 Cast: Sandblast         |    31 |    44 |    14 |    12 ||   101
       Stone Arrow       |       |    11 |    16 |    10 ||    37
       Lee's Rapid Decon |       |       |    10 |    47 ||    57
       Petrify           |       |       |    15 |    22 ||    37
       Irradiate         |       |       |       |    14 ||    14
Invok: Divine Energy     |       |       |       |     2 ||     2
       Stop Divine Energ |       |       |       |     1 ||     1
  Use: Scroll            |       |     8 |     3 |     7 ||    18
       Potion            |       |     2 |     3 |     5 ||    10
 Stab: Sleeping          |       |       |     3 |     2 ||     5
       Petrified         |       |       |     4 |    11 ||    15
  Eat: Chunk             |     1 |     5 |    17 |    35 ||    58
       Ration            |       |       |     2 |     1 ||     3
Armor: Robe              |    14 |   110 |   145 |    14 ||   283
       Steam dragon scal |       |       |       |   163 ||   163
Dodge: Dodged            |    20 |   121 |   175 |   228 ||   544
